 Dungeon Crawl Stone Soup version 0.31-a0-331-geda263fcf1 (webtiles) character file.

Game seed: 5947215506856092498

150 LustLizard the Sneak (level 5, -3/35 HPs)
             Began as an Octopode Shapeshifter on July 20, 2023.
             Succumbed to an orc wizard's poison
             ... on level 3 of the Dungeon.
             The game lasted 00:05:55 (2645 turns).

LustLizard the Sneak (Octopode Shapeshifter)        Turns: 2645, Time: 00:05:57

Health: -3/35      AC:  1    Str: 13 (16) XL:     5   Next: 32%
Magic:  5/5        EV: 13    Int:  7 (10) God:
Gold:   141        SH:  0    Dex: 11 (13) Spells: 4/4 levels left

rFire   + .          .
                       - Unarmed
rCold   . . .        (no shield)
rNeg    . . .        (helmet currently unavailable)
rPois   .            (no amulet)
rElec   .            r - ring of protection from fire
rCorr   .            (no ring)
SInv    .            (no ring)
Will    .....        (no ring)
Stlth   +++          (no ring)
HPRegen 0.25/turn    (no ring)
MPRegen 0.09/turn    (no ring)
                     (no ring)

%: no passive effects
@: lethally poisoned (-3 -> -28), beast-form, hasted, invisible, very quick
A: beast (slay +2), almost no armour, amphibious, 8 rings, camouflage 1,
gelatinous body 1, (nimble swimmer 1), tentacles
a: Begin Untransformation


You were on level 3 of the Dungeon.
You were a hulking beast.
You visited 1 branch of the dungeon, and saw 3 of its levels.

You collected 141 gold pieces.

Inventory:

Missiles
 c - 2 poisoned darts
Armour
 q - a +1 hat
Jewellery
 r - a ring of protection from fire (left tentacle)
Talismans
 b - a beast talisman
Scrolls
 f - a scroll of vulnerability {unknown}
 g - a scroll of teleportation {unknown}
 h - a scroll of enchant armour
 i - a scroll of identify {unknown}
 l - a scroll of immolation {unknown}
 n - a scroll of enchant weapon {unknown}
 o - a scroll of silence {unknown}
 p - a scroll of brand weapon {unknown}
 s - a scroll of fear {unknown}
Potions
 a - 2 potions of lignification
 d - a potion of haste
 e - a potion of curing {unknown}
 j - a potion of invisibility
 k - a potion of degeneration
 m - a potion of might {unknown}


   Skills:
 + Level 2.7 Fighting
 - Level 2.0 Dodging
 * Level 4.0 Stealth
 * Level 3.5 Unarmed Combat
 + Level 3.3 Shapeshifting


You had 4 spell levels left.
You didn't know any spells.
Your spell library contained the following spells:

 Spells                   Type           Power      Damage    Failure   Level
 Ensorcelled Hibernation  Hex/Ice        0%         N/A       56%         2
 Passwall                 Tmut/Erth      0%         N/A       56%         2
 Swiftness                Air            0%         N/A       80%         3


Dungeon Overview and Level Annotations

Branches:
Dungeon (3/15)

Altars:

Shops:
D:2 (


Innate Abilities, Weirdness & Mutations

You are a hulking beast.
Your limbs bulge with bestial killing power. (Slay +2)
You cannot wear most types of armour.
You are amphibious.
You can wear up to eight rings at the same time.
Your skin changes colour to match your surroundings (Stealth+).
Your rubbery body absorbs attacks. (AC +1, EV +1)
((You are camouflaged when in or above water. (Stealth+)))
You have tentacles for arms and can constrict up to eight enemies at once.


Message History

You hear a shout!
The orc wizard gestures wildly while chanting.
The orc wizard flickers and vanishes!
Deactivating autopickup; reactivate with Ctrl-A.
The orc struggles to escape constriction.
You tentacle-slap the orc.
You kill the orc!
The orc attacks as you move away! The orc hits you with a +0 club.
You tentacle-slap the orc. You grab the orc. You squeeze the orc.
You kill the orc!
You completely miss the orc. Your grab misses the orc.
You tentacle-slap the orc. You squeeze the orc.
The orc is severely wounded.
The orc hits you with a +0 club.
You bludgeon the orc!
You kill the orc!
You tentacle-slap something.
Your tentacle-slap misses something.
You hear some strange, mumbled words.
A magic dart appears from out of thin air!
The magic dart hits you!
You barely miss something. Something hits you but does no damage.
You are poisoned.
You closely miss something. Your squeeze misses something.
You feel very sick. Something hits you.
You are lethally poisoned!
It was a potion of haste.
You feel yourself speed up.
You feel very sick. Something hits you.
* * * LOW HITPOINT WARNING * * *
You are more poisoned.
It was a potion of invisibility.
You fade into invisibility!
* * * LOW HITPOINT WARNING * * *
You feel very sick. Something barely misses you.
It was a potion of degeneration.
There was something very wrong with that liquid.
You feel weakened.
You feel dopey.
You feel clumsy.
You die...

###..###..#.# #..#
......)...# ####..#
###[.###.## #.....#
#........ ####.###.#
##.###.####........#
#.# #. ###.##.##..#
#.# #.##......##..#
#.###....#.#####..#
.
..........oS{h....#
# ....?...#######.##
..##.##.# #.#
.#.#.#.#.#.#.## #.#
.........S....#
.#.#.#.#)#.#.##
..............#
.#.#.#.#.#.#.##
.......o>......


You could see an adder (unable to see you) and an orc (unable to see you).

Vanquished Creatures
  An orc priest (D:3)
  Jessica (D:3)
  3 adders
  8 orcs
  An endoplasm (D:2)
  4 goblins
  8 hobgoblins
  6 jackals (D:1)
  4 quokkas
  3 ball pythons
  3 bats
  3 frilled lizards
  8 kobolds
  5 rats
58 creatures vanquished.

Notes
Turn   | Place    | Note
-------+----------+-------------------------------------------
     0 | D:1      | LustLizard the Octopode Shapeshifter began the quest for
                  | the Orb.
     0 | D:1      | Reached XP level 1. HP: 14/14 MP: 1/1
   123 | D:1      | Reached skill level 1 in Stealth
   168 | D:1      | Reached XP level 2. HP: 16/19 MP: 2/2
   629 | D:1      | Reached skill level 2 in Stealth
   801 | D:2      | Identified the +5 dagger of the Dark Horse {freeze, rPois}
   852 | D:2      | Reached XP level 3. HP: 24/24 MP: 3/3
  1037 | D:2      | Found Sevokash's Antique Weapon Shop.
  1446 | D:2      | You fall into a shaft and drop 1 floor!
  1532 | D:3      | Reached XP level 4. HP: 30/30 MP: 4/4
  1535 | D:3      | Noticed Jessica
  1541 | D:3      | Killed Jessica
  1542 | D:3      | Reached skill level 3 in Stealth
  2375 | D:3      | Reached XP level 5. HP: 32/35 MP: 5/5
  2488 | D:3      | Reached skill level 4 in Stealth
  2644 | D:3      | HP: 1/35 [poisoned by an orc wizard]
  2645 | D:3      | Succumbed to an orc wizard's poison

Illustrated notes

Levels and vault maps discovered:
D:1:      nzn_arrival_depleted_hourglass, layout_basic
D:2:      layout_basic, serial_shops, shop, lexackson_kobold_supper
D:3:      layout_loops_ring, dreamdust_ecumenical_altar_drowned_temple,
          st_stairs_11, uniq_jessica

Skill      XL: |  1  2  3  4  5 |
---------------+----------------+-----
Stealth        | 1 2 3 4 |  4.0
Unarmed Combat | 3 |  3.5
Fighting       | |  2.7
Dodging        | |  2.0
Shapeshifting  | |  3.3

Action                     |  1- 3 |  4- 6 || total
---------------------------+-------+-------++-------
  Melee: Unarmed           |    58 |    50 ||   108
         Constrict         |    21 |    14 ||    35
         Tentacles         |     8 |     9 ||    17
         Punch             |       |     4 ||     4
    Use: Scroll            |       |     1 ||     1
         Potion            |       |     3 ||     3
   Stab: Sleeping          |     5 |     2 ||     7
 Armour: Skin              |     1 |     4 ||     5
  Dodge: Dodged            |    19 |    16 ||    35

Table legend: (Time is in decaauts)
 A = Elapsed time spent in this place.
 B = Non-inter-level travel time spent in this place.
 C = Inter-level travel time spent in this place.
 D = Time resting spent in this place.
 E = Time spent auto-exploring this place.
 F = Levels seen in this place.
 G = Mean time per level.
                   A        B        C        D        E       F      G
               +--------+--------+--------+--------+--------+-----+--------+
         Total |   2639 |   2535 |    104 |    439 |   1604 |   3 |  879.7 |
       Dungeon |   2639 |   2535 |    104 |    439 |   1604 |   3 |  879.7 |
               +--------+--------+--------+--------+--------+-----+--------+

Top non-repeatable levels by time:
     D:2: 943 daAuts
     D:3: 910 daAuts
     D:1: 785 daAuts
